 Dungeon Crawl Stone Soup version 0.28-a0-793-g31680bbd8b (webtiles) character file.

Game seed: 1532478104478943707

369 fffff the Skirmisher (level 6, -3/56 HPs)
             Began as a Hill Orc Fighter on Nov 4, 2021.
             Slain by a killer bee (6 damage)
             ... on level 4 of the Dungeon.
             The game lasted 00:12:10 (3684 turns).

fffff the Skirmisher (Hill Orc Fighter)             Turns: 3684, Time: 00:12:11

Health: -3/56      AC:  7    Str: 19    XL:     6   Next: 70%
Magic:  6/6        EV:  9    Int:  8    God:
Gold:   234        SH:  5    Dex: 12    Spells: 5/5 levels left

rFire   . . .      SeeInvis .   q - +7 war axe of Sloth {vorpal, rPois rF+ Will-}
rCold   + . .      Faith    .   c - +0 buckler
rNeg    . . .      Spirit   .   b - +0 scale mail
rPois   +          Reflect  .   (no helmet)
rElec   .          Harm     .   (no cloak)
rCorr   .          Rampage  .   (no gloves)
Will    .....                   (no boots)
Stlth   ..........              (no amulet)
HPRegen 0.18/turn               f - ring of flight
MPRegen 0.10/turn               e - ring of ice

@: brilliant, flying
A: no striking features
a: no special abilities


You were on level 4 of the Dungeon.
You visited 1 branch of the dungeon, and saw 4 of its levels.

You collected 234 gold pieces.

Inventory:

Hand Weapons
 q - the +7 war axe of Sloth (weapon) {vorpal, rPois rF+ Will-}
   (You found it on level 4 of the Dungeon)

   It inflicts extra damage upon your enemies.
   rF:        It protects you from fire.
   rPois:     It protects you from poison.
   Will:      It decreases your willpower.
Armour
 b - a +0 scale mail (worn)
 c - a +0 buckler (worn)
Jewellery
 e - a ring of ice (right hand)
 f - a ring of flight (left hand)
Scrolls
 a - a scroll of teleportation {unknown}
 d - 2 scrolls of identify
 g - 5 scrolls of noise
 i - 2 scrolls of fog {unknown}
 l - a scroll of enchant weapon {unknown}
 m - a scroll of blinking {unknown}
 p - a scroll of enchant armour {unknown}
Potions
 h - 2 potions of mutation
 j - a potion of curing {unknown}
 k - 2 potions of brilliance
 n - a potion of lignification {unknown}
 o - a potion of degeneration {unknown}
 r - a potion of attraction {unknown}
 s - a potion of magic {unknown}


   Skills:
 + Level 5.3 Fighting
 + Level 5.0 Axes
 + Level 4.9 Armour
 + Level 4.9 Shields


You had 5 spell levels left.
You didn't know any spells.
Your spell library contained the following spells:

 Spells                   Type           Power      Damage    Failure   Level
 Freeze                   Ice            0%         1d3       77%         1
 Magic Dart               Conj           0%         1d3       77%         1
 Call Imp                 Summ           0%         N/A       88%         2
 Gell's Gravitas          Tloc           0%         N/A       98%         3
 Lesser Beckoning         Tloc           0%         N/A       98%         3
 Mephitic Cloud           Conj/Pois/Air  0%         N/A       98%         3
 Teleport Other           Tloc           0%         N/A       98%         3
 Olgreb's Toxic Radiance  Pois           0%         N/A       100%        4
 Ozocubu's Refrigeration  Ice            0%         4d5       100%        7
 Ignition                 Fire           0%         3d3       100%        8
 Maxwell's Capacitive Co  Air            0%         ∞         100%        8


Dungeon Overview and Level Annotations

Branches:
Dungeon (4/15)
 Temple: D:4-7

Altars:
Vehumet

Shops:
D:4 [


Message History

The killer bee is heavily wounded.
You hit the killer bee. x2; You feel sick.
The killer bee stings you. The killer bee barely misses you.
You block the killer bee's attack. The killer bee barely misses you.
The killer bee stings you.
The killer bee stings you but does no damage.
It was a potion of brilliance.
You feel clever all of a sudden.
You feel sick. The killer bee stings you! The killer bee closely misses you.
The killer bee stings you. The killer bee barely misses you.
The killer bee closely misses you. The killer bee stings you.
Unknown command.
You feel sick.
There is an open door here.
You slash the killer bee!
You kill the killer bee!
You closely miss the killer bee.
You feel sick.
You are no longer poisoned.
The killer bee stings you.
* * * LOW HITPOINT WARNING * * *
The killer bee stings you but does no damage.
You block the killer bee's attack.
The killer bee stings you but does no damage.
The killer bee stings you!
* * * LOW HITPOINT WARNING * * *
Your Axes skill increases to level 5!
You miss the killer bee.
The killer bee is moderately wounded.
You barely miss the killer bee. The killer bee completely misses you.
The killer bee stings you.
* * * LOW HITPOINT WARNING * * *
The killer bee stings you but does no damage.
The killer bee stings you.
* * * LOW HITPOINT WARNING * * *
The killer bee stings you but does no damage.
You closely miss the killer bee.
The killer bee is moderately wounded.
You miss the killer bee.
The killer bee stings you but does no damage.
The killer bee stings you.
You die...

)...##....#∩'.#
....##'########
.............# ####+####
..........#### #........
..........#######.......>
....########.............
....# #.............
....# #....yy.......
....### #####@########
......##########.#
...<..'..........#
..†.÷.############
.......#
.......###############
...................>.#
.......#############.#
+#.......# ###
###+#########


You could see 2 killer bees.

Vanquished Creatures
  Sigmund (D:4)
  A scorpion (D:4)
  A water moccasin skeleton (D:4)
  A killer bee (D:4)
  An iguana (D:4)
  2 adders
  An adder skeleton (D:4)
  2 orcs (D:4)
  2 ball pythons (D:4)
  4 endoplasms
  3 giant cockroaches
  A goblin (D:4)
  2 hobgoblins
  A bat (D:3)
  4 kobolds
  3 rats
30 creatures vanquished.

Vanquished Creatures (others)
  8 plants (D:1)
8 creatures vanquished.

Grand Total: 38 creatures vanquished

Notes
Turn   | Place    | Note
-------+----------+-------------------------------------------
     0 | D:1      | fffff the Hill Orc Fighter began the quest for the Orb.
     0 | D:1      | Reached XP level 1. HP: 19/19 MP: 1/1
   416 | D:1      | Found a faded altar of an unknown god.
  1572 | D:2      | Reached XP level 2. HP: 27/27 MP: 2/2
  1920 | D:2      | Found a radiant altar of Vehumet.
  2591 | D:3      | Reached XP level 3. HP: 33/33 MP: 3/3
  2976 | D:4      | Noticed a scorpion
  2986 | D:4      | Killed a scorpion
  2987 | D:4      | Reached XP level 4. HP: 34/41 MP: 4/4
  3106 | D:4      | Identified the +7 war axe of Sloth {vorpal, rPois rF+
                  | Will-}
  3137 | D:4      | Noticed Sigmund
  3162 | D:4      | Killed Sigmund
  3163 | D:4      | Reached skill level 5 in Fighting
  3163 | D:4      | Reached XP level 5. HP: 25/48 MP: 5/5
  3163 | D:4      | Reached XP level 6. HP: 29/56 MP: 6/6
  3335 | D:4      | Found Ekoegitz's Armour Boutique.
  3474 | D:4      | Got the Disquisition on the Freezing Birds
  3683 | D:4      | Reached skill level 5 in Axes
  3684 | D:4      | Slain by a killer bee

Illustrated notes

Levels and vault maps discovered:
D:1:      dpeg_arrival_central, layout_loops_corners,
          dilly_ecumenical_altar_fadedgnrine
D:2:      layout_loops_corners, basic_altar, hangedman_decor_riveting,
          minmay_misc_feat_rugged, serial_park_tiny_1, minmay_strange_pillars,
          minivault_4
D:3:      layout_rooms, grunt_decor_one_mirror
D:4:      layout_basic, serial_shops, kennysheep_mini, uniq_blork_the_orc,
          uniq_sigmund

Skill      XL: |  1  2  3  4  5  6 |
---------------+-------------------+-----
Axes           | 3 4 5 |  5.0
Fighting       | 4 5 |  5.3
Armour         | 4 |  4.9
Shields        | 4 |  4.9

Action                   |  1- 3 |  4- 6 || total
-------------------------+-------+-------++-------
Melee: War axe           |    55 |    42 ||    97
  Use: Scroll            |     3 |       ||     3
       Potion            |     1 |     2 ||     3
Armor: Scale mail        |    27 |    22 ||    49
Dodge: Dodged            |    24 |    26 ||    50
Block: Buckler           |    11 |     9 ||    20

Table legend: (Time is in decaauts)
 A = Elapsed time spent in this place.
 B = Non-inter-level travel time spent in this place.
 C = Inter-level travel time spent in this place.
 D = Time resting spent in this place.
 E = Time spent auto-exploring this place.
 F = Levels seen in this place.
 G = Mean time per level.
                   A        B        C        D        E       F      G
               +--------+--------+--------+--------+--------+-----+--------+
         Total |   3714 |   3521 |    193 |    100 |   2783 |   4 |  928.5 |
       Dungeon |   3714 |   3521 |    193 |    100 |   2783 |   4 |  928.5 |
               +--------+--------+--------+--------+--------+-----+--------+

Top non-repeatable levels by time:
     D:1: 1479 daAuts
     D:2: 1041 daAuts
     D:4: 721 daAuts
     D:3: 472 daAuts
